 Dungeon Crawl Stone Soup version bcrawl-1.37.2 (webtiles) character file.

Game seed: 10044956584590902905

267812 Mehrunes the Geomancer (level 9, -5/49 HPs)
             Began as a Gargoyle Earth Elementalist on Nov 10, 2022.
             Was an Initiate of Sif Muna.
             Shot with an arrow by a centaur warrior (17 damage)
             ... on level 7 of the Dungeon.
             The game lasted 00:14:57 (6558 turns).

Mehrunes the Geomancer (GrEE)                       Turns: 6558, Time: 00:14:58

Health: -5/49      AC: 10    Str: 15    XL:     9   Next: 56%
Magic:  21/21      EV: 12    Int: 22    God:    Sif Muna [......]
Gold:   369        SH:  0    Dex: 10    Spells: 15/24 levels left

rFire    . . .     GDR:     32% B - +3 dagger "Jonugihi" {drain, rN+ Int+3 SInv}
rCold    . . .     SeeInvis +   (no shield)
rNeg     + + .     Gourm    .   c - +0 robe
rPois    ∞         Faith    .   (no helmet)
rElec    +         Spirit   .   l - +0 cloak
rCorr    .         Reflect  .   A - +0 pair of gloves
MR       .....                  (no boots)
Stlth    ++........             (no amulet)
HPRegen  0.18/turn              (no ring)
MPRegen  0.17/turn              n - +3 ring of strength

@: no status effects
A: negative energy resistance 1, electricity resistance, partial torment
resistance, unbreathing, petrification resistance, rot immunity, AC +6
a: Divine Energy, Renounce Religion


You were on level 7 of the Dungeon.
You worshipped Sif Muna.
Sif Muna was noncommittal.
You were hungry.

You visited 2 branches of the dungeon, and saw 8 of its levels.

You collected 369 gold pieces.

Inventory:

Hand Weapons
 r - a +0 short sword of venom
 s - a +0 morningstar
 x - a +0 dagger of electrocution
 B - the +3 dagger "Jonugihi" (weapon) {drain, rN+ Int+3 SInv}
   (You took it off a crimson imp on level 5 of the Dungeon)

   A truly terrible weapon, it drains the life of those it strikes.
   It affects your intelligence (+3).
   It protects you from negative energy.
   It lets you see invisible.
Missiles
 b - 610 stones (quivered)
Armour
 c - a +0 robe (worn)
 l - a +0 cloak (worn)
 u - a +0 buckler
 y - a scarf of resistance
 A - a +0 pair of gloves (worn)
 D - the +3 leather armour of the Carpenter {-Cast rPois Str+3 Dex+3}
   (You found it on level 5 of the Dungeon)

   It affects your strength (+3).
   It affects your dexterity (+3).
   It protects you from poison.
   It prevents spellcasting.
Jewellery
 h - an uncursed ring of teleportation
 n - a +3 ring of strength (right hand)
 E - an uncursed ring of stealth
Wands
 w - a wand of polymorph (20)
 C - a wand of flame (7)
 F - a wand of disintegration (4)
Scrolls
 d - a scroll of teleportation
 f - 4 scrolls of remove curse
 g - a scroll of magic mapping
 i - 5 scrolls of identify
 j - 2 scrolls of enchant armour
 m - 3 scrolls of amnesia
 p - 3 scrolls of noise {unknown}
 t - 2 scrolls of blinking {unknown}
 v - a scroll of fear {unknown}
Potions
 a - 2 potions of heal wounds {unknown}
 k - a potion of cancellation {unknown}
 o - a potion of mutation {unknown}
 q - 3 potions of degeneration {unknown}
 z - 2 potions of might {unknown}
 G - 2 potions of ambrosia {unknown}
Comestibles
 e - 16 rations {!d}


   Skills:
 - Level 2.7 Fighting
 - Level 2.7 Dodging
 - Level 2.4 Stealth
 - Level 1.0 Unarmed Combat
 - Level 8.2 Spellcasting
 - Level 4.0 Conjurations
   Level 0.7 Transmutations
 + Level 9.5 Earth Magic


You had 15 spell levels left.
You knew the following spells:

 Your Spells              Type           Power        Failure   Level  Hunger
a - Sandblast             Erth           ######       1%          1    None
b - Stone Arrow           Conj/Erth      #####.       1%          3    None
c - Lee's Rapid Deconstr  Erth           ######....   4%          5    #####..

Your spell library contained the following spells:

 Spells                   Type           Power        Failure   Level  Hunger
 Passwall                 Tmut/Erth      ####....     1%          2    None
 Petrify                  Tmut/Erth      ####......   9%          4    ###....


Dungeon Overview and Level Annotations

Branches:
Dungeon (7/12)             Temple (1/1) D:6            Lair (0/6) D:7

Altars:
Ashenzari
Cheibriados
Elyvilon
Fedhas
Gozag
Hepliaklqana
Kikubaaqudgha
Lugonu
Makhleb
Nemelex Xobeh
Okawaru
Qazlal
Ru
Sif Muna
Uskayaw
Vehumet
Xom
Yredelemnul
Zin
The Shining One

Annotations:
D:3 Grinder


Innate Abilities, Weirdness & Mutations

You are resistant to torment.
Your stone body is resilient. (AC +6)
You are immune to poison.
You resist negative energy. (rN+)
You are resistant to electric shocks. (rElec)
You are less affected by unholy pain and torment.
You can survive without breathing.
You are immune to petrification.
You are immune to rotting.


Message History

6 chunks of flesh; a hippogriff skeleton The centaur warrior shoots an arrow.
The arrow hits you.
There is a stone staircase leading up here.
The centaur warrior shoots an arrow.
The arrow misses you.
The centaur warrior shoots an arrow.
The arrow misses you.
A rune on the stairs sparks and fizzles.
You climb upwards.
There is a stone staircase leading down here.
You start resting.
Magic restored.
HP restored.
You climb downwards.
You hear the hiss of flowing sand.
There is an entrance to an ossuary on this level.
Hurry and find it before the portal is buried!
A rune on the stairs sparks and fizzles.
The centaur warrior shoots an arrow.
The arrow hits you!!
The centaur warrior shoots an arrow.
The arrow hits you!
* * * LOW HITPOINT WARNING * * *
There is a stone staircase leading up here.
The centaur warrior shoots an arrow.
The arrow hits you!
You die...

#......# #. #......# #.
#......# **##. #......#
**,... #......# **,,...
#......# *,,,... #......###
****,,,... #.......<#
*,,,,,,###
#.......@#######..,,,,* #
#####.............,,,,* #
#.............,,,,**#
#............#*,,,,..
#####........#*****##
#........# *,,,,
***********#....c...# **,,,,
*,,,,,,,,,,.........# *,,*,*
*,,,,,,,,,,.........#**,,*,,


You could see a centaur warrior.

Vanquished Creatures
  A hippogriff (D:7)
  A yak (D:6)
  Eustachio (D:6)
  A steam dragon (D:6)
  Edmund (D:5)
  An orc warrior (D:6)
  A phantom (D:5)
  3 sky beasts (D:5)
  2 ogres
  A kobold brigand (D:7)
  5 wights (D:6)
  2 howler monkeys
  4 orc priests
  4 crimson imps
  2 quasits (D:6)
  A jelly (D:5)
  4 hounds
  3 orc wizards
  2 bullfrog skeletons
  Ijyb (D:3)
  A worker ant (D:5)
  A hound zombie (D:5)
  2 hound skeletons
  5 adders
  2 oozes
  An adder skeleton (D:4)
  2 worms
  2 dart slugs
  7 leopard geckos
  19 orcs
  A ball python (D:1)
  2 giant cockroaches
  A goblin (D:2)
  11 hobgoblins
  13 jackals
  3 quokkas
  8 bats
  3 frilled lizards
  5 kobolds
  2 rats (D:1)
132 creatures vanquished.

Vanquished Creatures (others)
  19 fungi (D:7)
  5 plants (D:7)
24 creatures vanquished.

Grand Total: 156 creatures vanquished

Notes
Turn   | Place    | Note
-------+----------+-------------------------------------------
     0 | D:1      | Mehrunes the Gargoyle Earth Elementalist began the quest
                  | for the Orb.
     0 | D:1      | Reached XP level 1. HP: 10/10 MP: 3/3
    80 | D:1      | Reached XP level 2. HP: 16/16 MP: 1/5
   291 | D:1      | Reached skill level 1 in Fighting
   452 | D:1      | Reached skill level 4 in Earth Magic
   528 | D:1      | Reached XP level 3. HP: 20/20 MP: 4/6
   532 | D:1      | Learned a level 3 spell: Stone Arrow
  1424 | D:2      | Reached skill level 1 in Conjurations
  1424 | D:2      | Reached XP level 4. HP: 26/26 MP: 5/8
  1883 | D:3      | Noticed Ijyb
  2026 | D:3      | Killed Ijyb
  2027 | D:3      | Reached XP level 5. HP: 14/31 MP: 9/9
  2294 | D:3      | Noticed Grinder
  2346 | D:3      | Found a faded altar of an unknown god.
  2682 | D:3      | Learned a level 5 spell: Lee's Rapid Deconstruction
  2780 | D:3      | Reached XP level 6. HP: 9/36 MP: 3/10
  2976 | D:4      | Found a hide-covered altar of Uskayaw.
  3521 | D:4      | Reached XP level 7. HP: 40/40 MP: 3/13
  3660 | D:5      | Entered Level 5 of the Dungeon
  4222 | D:5      | Reached skill level 5 in Spellcasting
  4300 | D:5      | Identified the +3 dagger "Jonugihi" {drain, rN+ Int+3 SInv}
  4438 | D:5      | Found a radiant altar of Vehumet.
  4482 | D:5      | Noticed Edmund
  4500 | D:5      | Killed Edmund
  4501 | D:5      | Reached XP level 8. HP: 40/45 MP: 2/17
  5012 | D:5      | Got a slimy leather armour
  5141 | D:6      | Noticed Eustachio
  5154 | D:6      | Killed Eustachio
  5221 | D:6      | Found a shimmering altar of Xom.
  5223 | D:6      | Found an opulent altar of Gozag.
  5224 | D:6      | Found a glowing golden altar of the Shining One.
  5275 | D:6      | Reached skill level 5 in Earth Magic
  5404 | D:6      | Found a blossoming altar of Fedhas.
  5404 | D:6      | Found a basalt altar of Yredelemnul.
  5557 | D:6      | Reached skill level 6 in Earth Magic
  5557 | D:6      | Reached XP level 9. HP: 49/49 MP: 11/21
  5618 | D:6      | Reached skill level 7 in Earth Magic
  5849 | D:6      | Reached skill level 8 in Earth Magic
  6027 | D:6      | Found a staircase to the Ecumenical Temple.
  6038 | Temple   | Entered the Ecumenical Temple
  6096 | Temple   | Became a worshipper of Sif Muna the Loreminder
  6154 | D:6      | Found a glowing silver altar of Zin.
  6332 | D:7      | Identified the +3 leather armour of the Carpenter {-Cast
                  | rPois Str+3 Dex+3} (You found it on level 5 of the Dungeon)
  6346 | D:7      | Noticed a centaur warrior
  6376 | D:7      | Reached skill level 9 in Earth Magic
  6558 | D:7      | Shot with an arrow by a centaur warrior

Skill      XL: |  1  2  3  4  5  6  7  8  9 |
---------------+----------------------------+-----
Fighting       | 1 2 |  2.7
Earth Magic    | 4 6 9 |  9.5
Dodging        | 2 |  2.7
Conjurations   | 1 2 3 4 |  4.0
Spellcasting   | 3 4 6 8 |  8.2
Stealth        | |  2.4
Unarmed Combat | |  1.0
Transmutations | |  0.7

Action                   |  1- 3 |  4- 6 |  7- 9 || total
-------------------------+-------+-------+-------++-------
Melee: Unarmed           |    14 |    17 |       ||    31
       Short sword       |       |    44 |    35 ||    79
       Dagger            |       |       |    79 ||    79
 Cast: Sandblast         |    39 |    28 |       ||    67
       Stone Arrow       |     1 |    33 |    89 ||   123
       Lee's Rapid Decon |       |       |     2 ||     2
  Use: Scroll            |       |     2 |     4 ||     6
  Eat: Chunk             |     3 |    15 |    14 ||    32
       Ration            |       |       |     1 ||     1
Armor: Robe              |    10 |    30 |    56 ||    96
       Skin              |       |     2 |       ||     2
Dodge: Dodged            |    20 |    89 |    88 ||   197
